 Dungeon Crawl Stone Soup version 0.19.0-11-g3fc08b3 (webtiles) character file.

92692 dobroeutro the Severer (level 15, -5/152 HPs)
             Began as a Minotaur Berserker on Nov 9, 2016.
             Was the Champion of Trog.
             Killed from afar by a nagaraja (29 damage)
             ... with an orb of energy
             ... on level 1 of the Snake Pit on Nov 10, 2016.
             The game lasted 00:38:47 (17575 turns).

dobroeutro the Severer (Minotaur Berserker)        Turns: 17575, Time: 00:38:48

Health: -5/152     AC: 19    Str: 31    XL:     15   Next: 58%
Magic:  5/5        EV: 18    Int:  4    God:    Trog [******]
Gold:   1781       SH:  0    Dex: 17    Spells: 0 memorised, 14 levels left

rFire  + . .     SeeInvis .     Y - +4 executioner's axe (elec)
rCold  + . .     Gourm    .     P - +5 ring mail of Ludilimo {rF+}
rNeg   + . .     Faith    .     (shield currently unavailable)
rPois  +         Spirit   .     D - +2 hat
rElec  .         Reflect  .     H - +1 cloak {rPois}
rCorr  .         Harm     .     (no gloves)
MR     +....     Clarity  +     (no boots)
Stlth  +.........               t - amulet of regeneration
                                M - ring "Yxzeysk" {rN+ Str+5 Int+2 Slay+2}
                                u - ring "Jemodwaj" {rC+ MP-9 Dex+7}

@: constricted
A: retaliatory headbutt, claws 1, horns 2, thin metallic scales 1, clarity,
clumsy 1, dopey 1, robust 1, evolution 1, MP-powered wands
a: Berserk, Trog's Hand, Brothers in Arms, Burn Spellbooks, Renounce Religion


You were on level 1 of the Snake Pit.
You worshipped Trog.
Trog was exalted by your worship.
You were not hungry.

You visited 4 branches of the dungeon, and saw 24 of its levels.
You also visited: Labyrinth, Ossuary and Ice Cave.

You collected 1921 gold pieces.
You spent 140 gold pieces at shops.

Inventory:

Hand Weapons
 K - a +4 broad axe of flaming
 Y - a +4 executioner's axe of electrocution (weapon)
Armour
 h - a +1 chain mail of cold resistance
 D - a +2 hat (worn)
 H - a +1 cloak of poison resistance (worn)
 P - the +5 ring mail of Ludilimo (worn) {rF+}
   (You found it in a labyrinth)

   It protects you from fire.
 R - a +2 plate armour of poison resistance
 X - +0 shadow dragon scales
Rods
 j - a +0 rod of inaccuracy (13/13)
   (You took it off a minotaur in a labyrinth)
 E - a -2 rod of shadows (9/9)
   (You found it on level 8 of the Dungeon)
Jewellery
 g - an uncursed ring of protection from fire
 t - an amulet of regeneration (around neck)
 u - the ring "Jemodwaj" (left claw) {rC+ MP-9 Dex+7}
   (You took it off a minotaur in a labyrinth)

   [ring of protection from cold]

   It affects your dexterity (+7).
   It protects you from cold.
   It affects your magic capacity (-9).
 M - the ring "Yxzeysk" (right claw) {rN+ Str+5 Int+2 Slay+2}
   (You found it on level 12 of the Dungeon)

   [ring of intelligence]

   It affects your strength (+5).
   It affects your intelligence (+2).
   It affects your accuracy and damage with ranged weapons and melee attacks
   (+2).
   It protects you from negative energy.
 W - an uncursed ring of protection from magic
 Z - an uncursed ring of protection from cold
Wands
 a - a wand of confusion (34/48)
 G - a wand of hasting (5/9)
 T - a wand of disintegration (15/24)
Scrolls
 d - 2 scrolls of immolation
 i - 3 scrolls of remove curse
 r - 8 scrolls of teleportation
 s - a scroll of fear
 C - 8 scrolls of blinking
 Q - 4 scrolls of enchant armour
 S - a scroll of recharging
 V - 4 scrolls of identify
Potions
 e - 6 potions of agility
 f - 2 potions of resistance
 k - 12 potions of curing
 l - 7 potions of flight
 m - 3 potions of brilliance
 o - 3 potions of lignification
 p - a potion of experience {unknown}
 q - a potion of might
 v - 3 potions of heal wounds
 x - a potion of invisibility
 B - a potion of magic {unknown}
 F - a potion of berserk rage {unknown}
 I - a potion of cure mutation {unknown}
 J - 2 potions of ambrosia
 L - 3 potions of haste
 O - a potion of mutation {unknown}
Comestibles
 b - 4 slices of pizza
 c - 17 bread rations
 n - 8 meat rations
 z - 30 fruits
 A - 12 royal jellies
 N - 3 beef jerkies


   Skills:
 + Level 14.4 Fighting
 * Level 20.9 Axes
 + Level 14.2 Armour
 + Level 13.3 Dodging


You had 14 spell levels left.
You didn't know any spells.

Dungeon Overview and Level Annotations

Branches:
Dungeon (15/15)            Temple (0/1) D:5            Lair (6/6) D:8
  Swamp (0/4) Lair:2        Snake (1/4) Lair:2        Slime (0/5) Lair:5
    Orc (2/2) D:12            Elf (0/3) Orc:2        Vaults (0/5) D:13
 Depths (0/5) D:15

Altars:
Ashenzari
Dithmenos
Kikubaaqudgha
Makhleb
Nemelex Xobeh
Sif Muna
Trog
Vehumet
Xom
Zin
The Shining One
Beogh

Shops:
D:12 :   Orc:2 :*=[   Snake:1 *%?!

Portals:
Hell: Lair:6

Annotations:
D:11 exclusions: vampire and 1 more exclusion


Innate Abilities, Weirdness & Mutations

You reflexively headbutt those who attack you in melee.
You have a pair of horns on your head.
You have sharp fingernails.
You are partially covered in thin metallic scales. (AC +2)
You possess an exceptional clarity of mind.
You are clumsy. (Dex -2)
You are dopey. (Int -2)
You are robust. (+10% HP)
You evolve.
You expend magic power (3 MP) to strengthen your wands.


Message History

The shock serpent is almost dead.
The shock serpent's electric aura discharges, shocking you!
The shock serpent bites you but does no damage.
The shock serpent shoots out a bolt of lightning at you!
The bolt of electricity hits you!
* * * LOW HITPOINT WARNING * * *
You closely miss the shock serpent. You headbutt the shock serpent.
You kill the shock serpent!
Trog accepts your kill.
You slash the nagaraja!
There is a sudden explosion of sparks!
The nagaraja spits poison at you. The splash of poison misses you.
The nagaraja completely misses you. The nagaraja grabs you.
* * * LOW HITPOINT WARNING * * *
The nagaraja constricts you.
You closely miss the nagaraja. You headbutt the nagaraja!
The nagaraja is heavily wounded.
The nagaraja gestures at you while chanting.
The orb of energy hits you!
You die...

..................# #.#
#. ....####...#.#....#
#..####. #..
.......#..### ##...###
## #.###.####....####
##.#.)
###8...8#####....#
#..... 8.....8##
##...####.....
.......8###...........##
...∩..N.8##.########...#
.......@.8#.# #.[...#
..........#.# ##......
∩..#..∩.....# #....#..
.}%.......### #...##..
.........8# #...####
...∩....8## ##### #
.......8## # 8.....8## #
8...8# #


You could see a nagaraja.

Vanquished Creatures
  Gastronok (D:8)
  A frost giant (IceCv)
  An ettin (D:10)
  Snorg (Lair:3)
  A minotaur (Lab)
  Erolcha (D:13)
  A vault guard (D:13)
  Erica (D:9)
  6 hydras
  The ghost of Chiseanne the Destroyer, a journeyman DsWz of Vehumet (Orc:2)
  4 centaur warriors
  4 tengu warriors (D:15)
  4 death yaks
  Nergalle (Lair:3)
  2 shock serpents (Snake:1)
  5 skeletal warriors
  2 wizards
  6 hill giants
  6 orc knights (Orc:2)
  4 necromancers (D:13)
  An orc sorcerer (Orc:1)
  4 deep elf magi
  A manticore (D:15)
  3 cyclopes
  5 ugly things (D:14)
  2 salamanders (Snake:1)
  11 black mambas
  A centaur zombie (D:10)
  Joseph (D:8)
  A guardian serpent (Lair:2)
  4 naga magi
  A gargoyle (D:11)
  A smoke demon (Lair:6)
  3 orange demons (Lair:6)
  11 spiny frogs
  7 centaur skeletons
  4 komodo dragons
  5 rime drakes
  2 tengu conjurers (D:15)
  3 ice devils
  3 trolls (Orc:2)
  A red devil (Lair:6)
  Prince Ribbit (D:8)
  3 two-headed ogres
  A hornet (Lair:2)
  2 blink frogs
  11 polar bears
  13 hippogriffs
  A wraith (D:15)
  2 shadows
  19 humans (D:13)
  27 yaks
  2 wyverns
  3 fire elementals (D:14)
  Grum (D:8)
  4 hungry ghosts
  5 basilisks
  Menkaure (D:7)
  3 nagas (Snake:1)
  3 swamp worms (Lair:2)
  3 mottled dragons
  5 wargs
  3 hell hounds
  12 porcupines
  19 water moccasins
  A swamp drake (D:12)
  35 orc warriors
  4 ice beasts
  2 sky beasts
  3 eyes of draining
  A necrophage (D:8)
  A phantom (D:6)
  25 wolves
  9 centaurs
  14 ogres
  11 crocodiles
  An elf zombie (Ossuary)
  14 bullfrogs
  A big kobold (D:8)
  2 scorpions
  A wyvern skeleton (D:11)
  10 killer bees
  2 howler monkeys
  A wight (D:12)
  An electric eel (Lair:2)
  7 crimson imps
  2 bullfrog zombies
  A quasit (D:11)
  5 bullfrog skeletons
  A human zombie (Ossuary)
  10 orc priests
  3 hounds
  4 iguanas
  6 jellies
  16 orc wizards
  A gnoll shaman (D:7)
  9 worker ants
  2 hell rats (D:7)
  2 big kobold zombies (Ossuary)
  A hound skeleton (D:6)
  3 mummies
  A worker ant zombie (D:3)
  Robin (D:2)
  9 gnolls
  15 adders
  7 river rats (D:7)
  2 shadow imps
  5 oozes (D:10)
  3 adder zombies
  A dart slug (D:1)
  11 leopard geckos
  84 orcs
  2 ball pythons
  13 bats
  4 giant cockroaches
  9 goblins
  9 hobgoblins
  11 jackals
  6 quokkas
  3 frilled lizards (D:2)
  A giant cockroach zombie (D:5)
  2 goblin zombies (Ossuary)
  10 hobgoblin zombies
  A jackal skeleton (D:4)
  3 jackal zombies (Ossuary)
  14 kobolds
  15 kobold zombies
  3 orc zombies (Ossuary)
  36 rats
  A rat zombie (Ossuary)
  5 fungi
  3 plants
774 creatures vanquished.

Vanquished Creatures (collateral kills)
  Azrael (D:14)
  An ogre mage (D:15)
  A death yak (IceCv)
  A sixfirhy (Lair:6)
  3 skeletal warriors (D:14)
  2 orc knights (Orc:2)
  A naga mage (D:15)
  An orange demon (Lair:6)
  An ice devil (Lair:6)
  A hellwing (Lair:6)
  A red devil (Lair:6)
  A two-headed ogre (D:15)
  5 polar bears (IceCv)
  3 yaks (IceCv)
  2 fire elementals (D:14)
  4 centaurs (D:12)
  2 ogres (D:15)
  3 wights (D:12)
  An orc priest (D:12)
  3 orcs (D:12)
38 creatures vanquished.

Vanquished Creatures (others)
  An unseen horror (D:11)
  A komodo dragon (D:11)
  A kobold demonologist (D:11)
  A yak (D:11)
  An iguana (D:11)
  An adder (D:11)
  An orc (D:11)
  A fungus (Lair:1)
8 creatures vanquished.

Grand Total: 820 creatures vanquished

Notes
Turn   | Place    | Note
-------+----------+-------------------------------------------
     0 | D:1      | dobroeutro the Minotaur Berserker began the quest for the Orb.
     0 | D:1      | Reached XP level 1. HP: 19/19 MP: 0/0
    48 | D:1      | Reached skill level 4 in Axes
   198 | D:1      | Reached XP level 2. HP: 20/26 MP: 1/1
   451 | D:1      | Reached ** piety under Trog
   470 | D:1      | Reached skill level 5 in Axes
   643 | D:1      | Found a sparkling altar of Nemelex Xobeh.
   874 | D:2      | Found a glowing golden altar of the Shining One.
   877 | D:2      | Reached XP level 3. HP: 26/31 MP: 2/2
   954 | D:2      | Found a bloodstained altar of Trog.
  1182 | D:2      | Reached XP level 4. HP: 39/39 MP: 3/3
  1215 | D:2      | Reached skill level 6 in Axes
  1394 | D:2      | Noticed Robin
  1407 | D:2      | Killed Robin
  1505 | D:3      | Reached *** piety under Trog
  1586 | D:3      | Reached skill level 7 in Axes
  1586 | D:3      | Reached XP level 5. HP: 23/45 MP: 4/4
  1915 | D:4      | Reached skill level 8 in Axes
  1993 | D:4      | Reached XP level 6. HP: 50/51 MP: 5/5
  2029 | D:4      | Found a radiant altar of Vehumet.
  2103 | D:4      | Reached skill level 9 in Axes
  2158 | D:4      | Reached XP level 7. HP: 57/57 MP: 6/6
  2196 | D:4      | Reached skill level 10 in Axes
  2331 | D:5      | Entered Level 5 of the Dungeon
  2475 | D:5      | Found a staircase to the Ecumenical Temple.
  2518 | D:5      | Found a shattered altar of Ashenzari.
  3020 | D:5      | Reached skill level 11 in Axes
  3029 | D:5      | Reached **** piety under Trog
  3251 | D:6      | Reached XP level 8. HP: 44/66 MP: 7/7
  3504 | D:6      | Found an ancient bone altar of Kikubaaqudgha.
  3725 | D:7      | Found a glowing silver altar of Zin.
  3844 | D:7      | Found a sand-covered staircase.
  3852 | Ossuary  | Entered an ossuary
  3991 | Ossuary  | Reached ***** piety under Trog
  4022 | Ossuary  | Reached skill level 5 in Fighting
  4031 | Ossuary  | Reached skill level 12 in Axes
  4246 | D:7      | Noticed Menkaure
  4252 | D:7      | Killed Menkaure
  4263 | D:7      | Reached XP level 9. HP: 37/74 MP: 8/8
  4469 | D:7      | Reached skill level 5 in Armour
  4752 | D:7      | Found a shimmering altar of Xom.
  4898 | D:8      | Reached skill level 5 in Dodging
  4933 | D:8      | Noticed Grum
  4936 | D:8      | Received a gift from Trog
  4942 | D:8      | Reached skill level 13 in Axes
  4951 | D:8      | Killed Grum
  4976 | D:8      | Noticed Gastronok
  4987 | D:8      | Killed Gastronok
  4987 | D:8      | Reached XP level 10. HP: 79/86 MP: 9/9
  5180 | D:8      | Found a staircase to the Lair.
  5314 | D:8      | Noticed Prince Ribbit
  5321 | D:8      | Killed Prince Ribbit
  5324 | D:8      | Reached skill level 14 in Axes
  5392 | D:8      | Noticed Joseph
  5404 | D:8      | Killed Joseph
  5750 | D:9      | Noticed Erica
  5758 | D:9      | Killed Erica
  5836 | D:9      | Found a deep blue altar of Sif Muna.
  6170 | D:10     | Entered Level 10 of the Dungeon
  6271 | D:10     | Received a gift from Trog
  6277 | D:10     | Reached XP level 11. HP: 90/95 MP: 10/10
  6438 | D:10     | Reached skill level 15 in Axes
  6562 | D:10     | Noticed an ettin
  6571 | D:10     | Killed an ettin
  6770 | D:11     | Killed an unseen horror
  6779 | D:11     | Identified a -2 rod of shadows (9/9) (You found it on level 8 of the Dungeon)
  6919 | D:11     | Found a shimmering altar of Xom.
  6935 | D:11     | Gained mutation: You have sharp fingernails. [mutagenic meat]
  6936 | D:11     | Gained mutation: Your body sometimes deteriorates upon taking damage. [mutagenic meat]
  6937 | D:11     | Gained mutation: You are robust. (+10% HP) [mutagenic meat]
  7301 | D:11     | Noticed a hill giant
  7308 | D:11     | Killed a hill giant
  7430 | D:12     | Found Beuhij's Book Shop.
  7458 | D:12     | Identified a scroll of acquirement
  7615 | D:12     | Received a gift from Trog
  7637 | D:12     | Got a slimy platinum ring
  7639 | D:12     | Identified the ring "Yxzeysk" {rN+ Str+5 Int+2 Slay+2} (You found it on level 12 of the Dungeon)
  7724 | D:12     | Noticed a deep elf mage
  7736 | D:12     | Reached skill level 16 in Axes
  7751 | D:12     | Killed a deep elf mage
  7820 | D:12     | Found a staircase to the Orcish Mines.
  8007 | D:12     | Noticed a hill giant
  8015 | D:12     | Killed a hill giant
  8015 | D:12     | Reached skill level 10 in Fighting
  8085 | D:12     | Noticed a hill giant
  8088 | D:12     | Killed a hill giant
  8112 | D:12     | Reached XP level 12. HP: 116/116 MP: 11/11
  8243 | D:13     | Noticed a centaur warrior
  8246 | D:13     | Reached ****** piety under Trog
  8246 | D:13     | Received a gift from Trog
  8249 | D:13     | Noticed Erolcha
  8255 | D:13     | Killed a centaur warrior
  8259 | D:13     | Killed Erolcha
  8305 | D:13     | Noticed a four-headed hydra
  8313 | D:13     | Killed a one-headed hydra
  8350 | D:13     | Reached skill level 10 in Armour
  8364 | D:13     | Reached skill level 17 in Axes
  8392 | D:13     | Found a bloodstained altar of Trog.
  8538 | D:13     | Reached skill level 10 in Dodging
  8585 | D:13     | Found a gate to the Vaults.
  8585 | D:13     | Noticed a vault guard
  8592 | D:13     | Killed a vault guard
  8848 | D:14     | Noticed Azrael
  8854 | D:13     | Reached XP level 13. HP: 112/127 MP: 12/12
  8937 | D:14     | Received a gift from Trog
  8952 | D:14     | Gained mutation: Your body often deteriorates upon taking damage. [mutagenic meat]
  8959 | D:14     | Gained mutation: You evolve. [mutagenic meat]
  8964 | D:14     | Lost mutation: Your body often deteriorates upon taking damage. [mutagenic meat]
  8965 | D:14     | Gained mutation: You expend magic power (3 MP) to strengthen your wands. [mutagenic meat]
  8967 | D:14     | Gained mutation: You are dopey. (Int -2) [mutagenic meat]
  8968 | D:14     | Gained mutation: You possess an exceptional clarity of mind. [mutagenic meat]
  8969 | D:14     | Lost mutation: Your body sometimes deteriorates upon taking damage. [mutagenic meat]
  9127 | D:14     | Reached skill level 18 in Axes
  9141 | D:14     | Killed Azrael
  9254 | D:14     | Found a shadowy altar of Dithmenos.
  9477 | D:15     | Entered Level 15 of the Dungeon
 10084 | D:15     | Found a staircase to the Depths.
 10259 | D:15     | Gained mutation: You are partially covered in thin metallic scales. (AC +2) [evolution]
 10369 | D:14     | Reached skill level 19 in Axes
 10478 | Lair:1   | Entered Level 1 of the Lair of Beasts
 10523 | Lair:1   | Received a gift from Trog
 10593 | Lair:1   | Found a shattered altar of Ashenzari.
 10601 | Lair:1   | Reached XP level 14. HP: 127/139 MP: 13/13
 11262 | Lair:2   | Found a staircase to the Snake Pit.
 11407 | Lair:2   | Found a staircase to the Swamp.
 11962 | Lair:3   | Noticed Nergalle
 11973 | Lair:3   | Killed Nergalle
 12264 | Lair:3   | Noticed Snorg
 12272 | Lair:3   | Killed Snorg
 13615 | Lair:5   | Found a frozen archway.
 13628 | IceCv    | Entered an ice cave
 13701 | IceCv    | Received a gift from Trog
 13941 | IceCv    | Noticed a frost giant
 13958 | IceCv    | Killed a frost giant
 13958 | IceCv    | Reached skill level 20 in Axes
 14356 | Lair:5   | Found a staircase to the Slime Pits.
 14639 | Lair:5   | Gained mutation: You are clumsy. (Dex -2) [evolution]
 14896 | Lair:6   | Entered Level 6 of the Lair of Beasts
 15020 | Lair:6   | Reached XP level 15. HP: 119/150 MP: 14/14
 15043 | Lair:6   | Found a labyrinth entrance.
 15076 | Lab      | Entered a labyrinth
 15300 | Lab      | Got a scorched lead ring
 15302 | Lab      | Identified the ring "Jemodwaj" {rC+ MP-9 Dex+7} (You took it off a minotaur in a labyrinth)
 15323 | Lab      | Got a faintly humming ring mail
 15335 | Lab      | Identified the +5 ring mail of Ludilimo {rF+} (You found it in a labyrinth)
 15711 | Lair:6   | Found a burning altar of Makhleb.
 15730 | Lair:6   | Found a gateway to Hell.
 15887 | Lair:6   | Received a gift from Trog
 16360 | Orc:1    | Entered Level 1 of the Orcish Mines
 16529 | Orc:2    | Entered Level 2 of the Orcish Mines
 16542 | Orc:2    | Noticed Chiseanne's ghost (journeyman DsWz)
 16548 | Orc:2    | Killed Chiseanne's ghost
 16585 | Orc:2    | Found a staircase to the Elven Halls.
 16774 | Orc:2    | Found Avilenle's Jewellery Emporium.
 16774 | Orc:2    | Found Dist's Antique Armour Shop.
 16807 | Orc:2    | Found a roughly hewn altar of Beogh.
 16814 | Orc:2    | Received a gift from Trog
 17080 | Orc:2    | Found Xuacrius's Book Emporium.
 17100 | Orc:2    | Found Cauxziy's General Store.
 17147 | Orc:2    | Bought a potion of resistance for 140 gold pieces
 17405 | Snake:1  | Entered Level 1 of the Snake Pit
 17561 | Snake:1  | Found Igyta's Distillery.
 17562 | Snake:1  | Found Vakhearu's Magic Scroll Boutique.
 17562 | Snake:1  | Found Pepeheup's Food Shop.
 17564 | Snake:1  | Noticed a nagaraja
 17565 | Snake:1  | Found Xeag's General Store.
 17575 | Snake:1  | Killed from afar by a nagaraja

Skill      XL: |  1  2  3  4  5  6  7  8  9 10 11 12 13 14 15 |
---------------+----------------------------------------------+-----
Axes           | 4 5 7 8 9 11 12 13 14 16 17 19 20 | 20.9
Fighting       | 4 5 7 8 10 11 12 13 14 | 14.4
Armour         | 4 6 7 9 10 12 13 14 | 14.2
Dodging        | 4 6 7 9 10 11 12 13 | 13.3

Action                   |  1- 3 |  4- 6 |  7- 9 | 10-12 | 13-15 || total
-------------------------+-------+-------+-------+-------+-------++-------
Melee: Hand axe          |    62 |    56 |       |       |       ||   118
       Headbutt          |     9 |    18 |    72 |   115 |   182 ||   396
       War axe           |       |    40 |   307 |   251 |       ||   598
       Broad axe         |       |       |       |   177 |   329 ||   506
       Executioner's axe |       |       |       |       |   338 ||   338
Invok: Berserk           |       |     3 |     4 |     8 |     2 ||    17
       Burn Spellbooks   |       |       |     1 |     1 |     5 ||     7
       Brothers in Arms  |       |       |       |     1 |     7 ||     8
       Trog's Hand       |       |       |       |       |     2 ||     2
  Use: Scroll            |       |       |    11 |     4 |    18 ||    33
       Potion            |       |       |       |       |     1 ||     1
 Stab: Sleeping          |     1 |       |     1 |     1 |     9 ||    12
  Eat: Chunk             |     1 |     5 |    12 |    26 |    39 ||    83
       Royal jelly       |       |       |     1 |       |       ||     1
       Beef jerky        |       |       |       |       |     2 ||     2
Armor: Animal skin       |    12 |       |       |       |       ||    12
       Scale mail        |     1 |    33 |    82 |    51 |       ||   167
       Mottled dragon sc |       |       |       |    60 |   103 ||   163
       Shadow dragon sca |       |       |       |       |    84 ||    84
       Ring mail         |       |       |       |       |    56 ||    56
Dodge: Dodged            |    54 |    55 |   137 |   257 |   533 ||  1036
